 Dungeon Crawl Stone Soup version 0.30-a0-279-g4b46babb21 (webtiles) character file.

Game seed: 18156025073000535363

1416 gruber the Chiller (level 8, 0/54 (59) HPs)
             Began as a Gnoll Ice Elementalist on Oct 16, 2022.
             Slain by a wight
             ... wielding a +0 mace
              (10 damage)
             ... on level 4 of the Dungeon.
             The game lasted 00:06:43 (4578 turns).

gruber the Chiller (Gnoll Ice Elementalist)         Turns: 4578, Time: 00:06:44

HP:   0/54 (59)     AC:  4    Str:  8    XL:     8   Next: 71%
MP:   1/17          EV: 14    Int: 16    God:
Gold: 209           SH:  0    Dex: 13    Spells: 8/19 levels left

rFire   . . .      SeeInvis .    n - staff of cold
rCold   + . .      Faith    .    (no shield)
rNeg    . . .      Spirit   .    a - +0 robe
rPois   .          Reflect  .    j - +1 helmet
rElec   .          Harm     .    (no cloak)
rCorr   .          Rampage  .    (no gloves)
Will    .....                    (no boots)
Stlth   +++.......               (no amulet)
HPRegen 0.29/turn                (no ring)
MPRegen 0.15/turn                (no ring)

@: very slightly contaminated, drained
A: fangs 1, strong nose, distributed training
a: no special abilities


You were on level 4 of the Dungeon.
You visited 1 branch of the dungeon, and saw 6 of its levels.

You collected 209 gold pieces.

Inventory:

Hand Weapons
 p - a +1 dagger of venom
 y - a +2 dagger of protection
Armour
 a - a +0 robe (worn)
 j - a +1 helmet (worn)
Magical Staves
 n - a staff of cold (weapon)
Jewellery
 m - an amulet of regeneration
 B - the ring "Dahyamm" {Ice Str+4}
   (You found it on level 5 of the Dungeon)

   [ring of ice]

   It enhances your ice magic.
   Str:       It affects your strength (+4).
   rF:        It makes you vulnerable to fire.
   rC:        It protects you from cold.
Wands
 v - a wand of polymorph (2)
Scrolls
 c - a scroll of noise {unknown}
 d - 2 scrolls of fog {unknown}
 f - a scroll of poison {unknown}
 g - 3 scrolls of identify {unknown}
 h - 2 scrolls of immolation {unknown}
 k - 2 scrolls of teleportation {unknown}
 l - a scroll of amnesia {unknown}
 r - a scroll of blinking {unknown}
 C - a scroll of vulnerability {unknown}
Potions
 b - a potion of magic
 e - a potion of mutation {unknown}
 i - 3 potions of brilliance {unknown}
 o - a potion of cancellation {unknown}
 q - a potion of haste {unknown}
 s - 2 potions of degeneration {unknown}
 t - a potion of resistance {unknown}
 u - 2 potions of curing {unknown}
 w - 2 potions of lignification {unknown}
 x - a potion of berserk rage {unknown}
 z - a potion of flight {unknown}
 A - a potion of ambrosia {unknown}


   Skills:
 + Level 3.6 Fighting
 + Level 3.6 Short Blades
 + Level 3.6 Long Blades
 + Level 3.6 Axes
 + Level 3.6 Maces & Flails
 + Level 3.6 Polearms
 + Level 3.6 Staves
 + Level 3.6 Ranged Weapons
 + Level 3.6 Throwing
 + Level 3.6 Armour
 + Level 5.9 Dodging
 + Level 5.6 Stealth
 + Level 3.6 Shields
 + Level 3.6 Unarmed Combat
 + Level 6.2 Spellcasting
 + Level 3.0 Conjurations
 + Level 3.0 Hexes
 + Level 3.0 Summonings
 + Level 3.0 Necromancy
 + Level 3.0 Translocations
 + Level 3.0 Transmutations
 + Level 3.0 Fire Magic
 + Level 7.8 Ice Magic
 + Level 3.0 Air Magic
 + Level 3.0 Earth Magic
 + Level 3.0 Poison Magic
 + Level 4.0 Invocations
 + Level 3.6 Evocations


You had 8 spell levels left.
You knew the following spells:

 Your Spells              Type           Power      Damage    Failure   Level
a - Freeze                Ice            100%       1d10      1%          1
b - Frozen Ramparts       Ice            90%        1d14      1%          3
c - Ozocubu's Armour      Ice            45%        N/A       1%          3
d - Summon Ice Beast      Ice/Summ       33%        N/A       14%         4

Your spell library contained the following spells:

 Spells                   Type           Power      Damage    Failure   Level
 Ice Form                 Ice/Tmut       33%        N/A       14%         4


Dungeon Overview and Level Annotations

Branches:
Dungeon (6/15)
 Temple: D:4-7

Altars:

Annotations:
D:4 Menkaure


Innate Abilities, Weirdness & Mutations

You have very sharp teeth.
Your uncanny sense of smell can sniff out nearby items.
Your experience applies equally to all skills.


Message History

Desperate hands claw out at you.
Nothing appears to happen.
The wight hits you but does no damage.
Unknown command.
Unknown command.
Unknown command.
Casting: Summon Ice Beast (dangerous; 14% risk of failure)
Confirm with . or Enter, or press ? or * to list all spells.
You feel a surge of power!
Nothing appears to happen.
The wight misses you.
Unknown command.
Unknown command.
Unknown command.
Your icy armour will break if you move.
Continue?
Okay, then.
Your icy armour will break if you move.
Continue?
The wight hits you with a +0 mace.
You climb upwards.
Your icy armour cracks and falls away as you move.
The wight closely misses you. The wight barely misses you.
There is a stone staircase leading down here.
Unknown command.
Unknown command.
The wight closely misses you. The wight attacks as you move away!
The wight misses you. The wight attacks as you move away!
The wight barely misses you.
There is an escape hatch in the ceiling here.
The wight misses you.
The wight hits you with a +0 short sword.
* * * LOW HITPOINT WARNING * * *
A mysterious force pulls you upwards. The hatch slams shut behind you.
Level annotation: Menkaure Unknown command.
The wight attacks as you move away! The wight hits you with a +0 mace!
* * * LOW HITPOINT WARNING * * *
The wight attacks as you move away! The wight completely misses you.
The wight attacks as you move away! The wight closely misses you.
Casting: Summon Ice Beast (dangerous; 14% risk of failure)
Confirm with . or Enter, or press ? or * to list all spells.
You feel a surge of power! A chill wind blows around you.
The wight hits you with a +0 mace!
You die...

##...## ####
##...#.# ##.
#......## ##..
##.......# ##..#
##........###..##
##.........##..##
##..........#..##
##..........)[)##
##.Y@#.........##
#...#z....[....#
#...#z.........#
##..##...[.)....#
#..............##
#..............#
##..............#
#...............#
##...............###


You could see 2 wights and a friendly ice beast (summoned).

Vanquished Creatures
  A hornet (D:4)
  An ice beast (D:5)
  2 black bears
  An ogre (D:5)
  A centaur (D:5)
  2 scorpions
  A wight (D:5)
  A howler monkey (D:5)
  3 hounds (D:5)
  An orc priest (D:4)
  Natasha (thrice) (D:3)
  An iguana (D:2)
  2 orc wizards
  5 gnolls
  3 adders
  An ufetubus (D:5)
  4 dart slugs
  12 orcs
  5 bats
  5 endoplasms
  9 goblins
  8 hobgoblins
  16 jackals
  3 quokkas
  2 ball pythons
  7 frilled lizards
  6 kobolds
  4 rats
110 creatures vanquished.

Vanquished Creatures (collateral kills)
  An ogre (D:5)
  A jelly (D:5)
2 creatures vanquished.

Vanquished Creatures (others)
  A plant (D:5)
1 creature vanquished.

Grand Total: 113 creatures vanquished

Notes
Turn   | Place    | Note
-------+----------+-------------------------------------------
     0 | D:1      | gruber the Gnoll Ice Elementalist began the quest for the
                  | Orb.
     0 | D:1      | Reached XP level 1. HP: 13/13 MP: 6/6
   172 | D:1      | Reached XP level 2. HP: 15/20 MP: 4/7
   672 | D:1      | Reached skill level 5 in Spellcasting
   672 | D:1      | Reached XP level 3. HP: 23/25 MP: 6/9
   741 | D:1      | Learned a level 3 spell: Frozen Ramparts
   745 | D:1      | Learned a level 3 spell: Ozocubu's Armour
   841 | D:2      | Reached skill level 1 in Invocations
   913 | D:2      | Reached skill level 1 in Fighting
   913 | D:2      | Reached skill level 1 in Short Blades
   913 | D:2      | Reached skill level 1 in Long Blades
   913 | D:2      | Reached skill level 1 in Axes
   913 | D:2      | Reached skill level 1 in Maces & Flails
   913 | D:2      | Reached skill level 1 in Polearms
   913 | D:2      | Reached skill level 1 in Staves
   913 | D:2      | Reached skill level 1 in Ranged Weapons
   913 | D:2      | Reached skill level 1 in Throwing
   913 | D:2      | Reached skill level 1 in Armour
   913 | D:2      | Reached skill level 1 in Shields
   913 | D:2      | Reached skill level 1 in Unarmed Combat
   913 | D:2      | Reached skill level 1 in Evocations
  1092 | D:2      | Reached XP level 4. HP: 32/32 MP: 9/11
  1098 | D:2      | Reached skill level 1 in Conjurations
  1098 | D:2      | Reached skill level 1 in Hexes
  1098 | D:2      | Reached skill level 1 in Summonings
  1098 | D:2      | Reached skill level 1 in Necromancy
  1098 | D:2      | Reached skill level 1 in Translocations
  1098 | D:2      | Reached skill level 1 in Transmutations
  1098 | D:2      | Reached skill level 1 in Fire Magic
  1098 | D:2      | Reached skill level 1 in Air Magic
  1098 | D:2      | Reached skill level 1 in Earth Magic
  1098 | D:2      | Reached skill level 1 in Poison Magic
  1671 | D:3      | Reached XP level 5. HP: 37/37 MP: 6/12
  1815 | D:3      | Noticed Natasha
  1822 | D:3      | Killed Natasha
  2357 | D:3      | Noticed Natasha
  2365 | D:3      | Killed Natasha
  2482 | D:3      | Noticed Natasha
  2489 | D:3      | Killed Natasha
  2490 | D:3      | Reached XP level 6. HP: 32/44 MP: 7/14
  2550 | D:4      | Noticed Menkaure
  2653 | D:4      | Reached skill level 5 in Dodging
  2754 | D:4      | Noticed a hornet
  2757 | D:4      | Paralysed by a hornet for 1 turns
  2760 | D:4      | Killed a hornet
  2761 | D:4      | Reached XP level 7. HP: 36/51 MP: 5/15
  3216 | D:4      | Reached skill level 5 in Stealth
  3582 | D:5      | Entered Level 5 of the Dungeon
  3619 | D:5      | Learned a level 4 spell: Summon Ice Beast
  3760 | D:5      | Reached XP level 8. HP: 22/58 MP: 6/16
  4244 | D:5      | Identified the ring "Dahyamm" {Ice Str+4}
  4560 | D:6      | Noticed a nameless horror
  4578 | D:4      | Slain by a wight

Illustrated notes

Levels and vault maps discovered:
D:1:      spicycebolla_arrival_ecumenical, layout_basic, minmay_misc_feat_room
D:2:      layout_loops_ring, kennysheep_generic_room_10
D:3:      layout_basic, uniq_natasha
D:4:      layout_cave_pods, uniq_menkaure
D:5:      lemuel_castle_with_subvaults [lemuel_castle_interior_carwin_3],
          layout_cave_pools, sigmund_army
D:6:      layout_basic, minmay_temple_entry_butterflies, serial_rivers,
          chequers_serial_rivers_small_3, chequers_serial_rivers_large_a,
          chequers_serial_rivers_small_a, chequers_serial_rivers_micro_e,
          chequers_serial_rivers_small_a, chequers_serial_rivers_micro_a,
          dk_noncrumbling_3, nicolae_shop_clearance

Skill      XL: |  1  2  3  4  5  6  7  8 |
---------------+-------------------------+-----
Spellcasting   | 5 6 |  6.2
Invocations    | 1 2 3 4 |  4.0
Fighting       | 1 2 3 |  3.6
Short Blades   | 1 2 3 |  3.6
Long Blades    | 1 2 3 |  3.6
Axes           | 1 2 3 |  3.6
Maces & Flails | 1 2 3 |  3.6
Polearms       | 1 2 3 |  3.6
Staves         | 1 2 3 |  3.6
Ranged Weapons | 1 2 3 |  3.6
Throwing       | 1 2 3 |  3.6
Armour         | 1 2 3 |  3.6
Shields        | 1 2 3 |  3.6
Unarmed Combat | 1 2 3 |  3.6
Evocations     | 1 2 3 |  3.6
Conjurations   | 1 2 3 |  3.0
Hexes          | 1 2 3 |  3.0
Summonings     | 1 2 3 |  3.0
Necromancy     | 1 2 3 |  3.0
Translocations | 1 2 3 |  3.0
Transmutations | 1 2 3 |  3.0
Fire Magic     | 1 2 3 |  3.0
Air Magic      | 1 2 3 |  3.0
Earth Magic    | 1 2 3 |  3.0
Poison Magic   | 1 2 3 |  3.0
Dodging        | 5 |  5.9
Stealth        | 5 |  5.6
Ice Magic      | |  7.8

Action                   |  1- 3 |  4- 6 |  7- 9 || total
-------------------------+-------+-------+-------++-------
Melee: Unarmed           |     9 |     1 |       ||    10
       Staff             |       |    10 |    20 ||    30
       Bite              |       |     2 |     3 ||     5
       Dagger            |       |       |    20 ||    20
 Cast: Freeze            |    46 |    40 |    43 ||   129
       Frozen Ramparts   |       |     5 |    14 ||    19
       Ozocubu's Armour  |       |     4 |    11 ||    15
       Summon Ice Beast  |       |       |     5 ||     5
  Use: Potion            |       |       |     1 ||     1
 Stab: Sleeping          |       |     1 |       ||     1
Armor: Robe              |     7 |    12 |    27 ||    46
Dodge: Dodged            |    16 |    27 |    74 ||   117

Table legend: (Time is in decaauts)
 A = Elapsed time spent in this place.
 B = Non-inter-level travel time spent in this place.
 C = Inter-level travel time spent in this place.
 D = Time resting spent in this place.
 E = Time spent auto-exploring this place.
 F = Levels seen in this place.
 G = Mean time per level.
                   A        B        C        D        E       F      G
               +--------+--------+--------+--------+--------+-----+--------+
         Total |   4593 |   4277 |    316 |     91 |   3313 |   6 |  765.5 |
       Dungeon |   4593 |   4277 |    316 |     91 |   3313 |   6 |  765.5 |
               +--------+--------+--------+--------+--------+-----+--------+

Top non-repeatable levels by time:
     D:3: 1075 daAuts
     D:4: 994 daAuts
     D:5: 955 daAuts
     D:1: 808 daAuts
     D:2: 753 daAuts
     D:6: 6 daAuts
